 Dungeon Crawl Stone Soup version 0.22-a0-271-gc000056 (webtiles) character file.

161056 Ghella the Tortoise (level 17, -2/162 HPs)
             Began as a Deep Dwarf Berserker on Mar 11, 2018.
             Was an Initiate of Makhleb.
             Slain by a green ugly thing (9 damage)
             ... on level 1 of the Depths.
             The game lasted 01:39:07 (51936 turns).

Ghella the Tortoise (Deep Dwarf Berserker)         Turns: 51936, Time: 01:39:08

Health: -2/162     AC: 22    Str: 26 (27) XL:     17   Next: 19%
Magic:  0/0        EV: 12    Int:  9      God:    Makhleb [......]
Gold:   1867       SH:  0    Dex: 14      Spells: 18/18 levels left

rFire    + . .     SeeInvis +   z - +1 battleaxe (freeze)
rCold    . . .     Gourm    .   (shield currently unavailable)
rNeg     + . .     Faith    +   Y - +1 plate armour {rF+}
rPois    .         Spirit   .   V - +0 mask of the Dragon {MR+ Slay+3 SInv}
rElec    .         Reflect  .   Z - +1 cloak {MR+}
rCorr    .         Harm     .   g - +1 pair of gloves
MR       +++++                  E - +0 pair of boots
Stlth    ..........             F - amulet of faith
HPRegen  0.00/turn              (no ring)
MPRegen  0.07/turn              (no ring)

@: confused, non-regenerating
A: damage resistance, heal wounds, thin skeletal structure 1, deformed body,
deterioration 1, magic resistance 1, negative energy resistance 1, sense
surroundings 2, evolution 1, no regeneration
a: Heal Wounds, Renounce Religion


You were on level 1 of the Depths.
You worshipped Makhleb.
Makhleb was noncommittal.
You were not hungry.

You visited 7 branches of the dungeon, and saw 29 of its levels.
You also visited: Labyrinth, Ossuary and Volcano.

You collected 2942 gold pieces.
You spent 1075 gold pieces at shops.

Inventory:

Hand Weapons
 a - a +0 war axe of venom
 z - a +1 battleaxe of freezing (weapon)
 C - a +0 war axe of electrocution
 K - a +4 demon trident
 S - a +2 trident of flaming
Missiles
 L - 20 javelins of penetration (quivered)
 N - 4 poisoned tomahawks
Armour
 g - a +1 pair of gloves (worn)
 E - a +0 pair of boots (worn)
 V - the +0 mask of the Dragon (worn) {MR+ Slay+3 SInv}
   (You found it on level 13 of the Dungeon)

   It affects your accuracy and damage with ranged weapons and melee attacks
   (+3).
   It affects your resistance to hostile enchantments.
   It lets you see invisible.
 X - a +0 shield
 Y - a +1 plate armour of fire resistance (worn)
 Z - a +1 cloak of magic resistance (worn)
Jewellery
 m - an uncursed amulet of magic regeneration
 x - an uncursed ring of teleportation
 B - the amulet "Yphoicw" {Inacc rElec MR+ Str+4}
   (You found it in a labyrinth)

   [amulet of inaccuracy]

   It reduces the accuracy of all your attacks.
   It affects your strength (+4).
   It insulates you from electricity.
   It affects your resistance to hostile enchantments.
 D - an uncursed amulet of rage
 F - an amulet of faith (around neck)
 I - an uncursed amulet of the gourmand
 J - an uncursed ring of ice
 U - a +3 ring of protection
Wands
 o - a wand of iceblast (22)
 q - a wand of acid (12)
 w - a wand of enslavement (16)
 H - a wand of random effects (67)
 M - a wand of disintegration (31)
 O - a wand of polymorph (40)
 R - a wand of digging (28)
 T - a wand of paralysis (18)
 W - a wand of flame (27)
Scrolls
 d - 2 scrolls of fog
 e - 5 scrolls of teleportation
 h - 2 scrolls of enchant armour
 j - a scroll of blinking
 r - 11 scrolls of remove curse
 u - 5 scrolls of immolation
 v - a scroll of amnesia
 y - 5 scrolls of magic mapping
 Q - 2 scrolls of enchant weapon
Potions
 b - 7 potions of haste
 f - a potion of berserk rage
 k - 8 potions of flight
 l - 10 potions of curing
 n - a potion of agility
 p - 4 potions of brilliance
 s - 3 potions of resistance
 t - a potion of magic
 A - a potion of cancellation {unknown}
 G - 4 potions of might
Miscellaneous
 P - 3 phantom mirrors
Comestibles
 c - 4 rations


   Skills:
 + Level 12.9 Fighting
 + Level 17.6(17.7) Axes
 + Level 3.2(10.7) Polearms
 * Level 18.8 Armour
 + Level 7.6 Dodging
 - Level 3.1 Stealth
 - Level 7.7 Shields
 + Level 1.3 Spellcasting
 + Level 1.7 Evocations


You had 18 spell levels left.
You didn't know any spells.

Dungeon Overview and Level Annotations

Branches:
Dungeon (15/15)            Temple (1/1) D:7            Lair (6/6) D:8
  Swamp (2/4) Lair:3        Snake (2/4) Lair:4        Slime (0/5) Lair:5
    Orc (2/2) D:12            Elf (0/3) Orc:2        Vaults (0/5) D:14
 Depths (1/5) D:15

Altars:
Ashenzari
Cheibriados
Dithmenos
Elyvilon
Fedhas
Gozag
Hepliaklqana
Kikubaaqudgha
Makhleb
Nemelex Xobeh
Okawaru
Qazlal
Ru
Sif Muna
Trog
Uskayaw
Vehumet
Wu Jian
Xom
Yredelemnul
Zin
The Shining One
Beogh
Jiyva

Shops:
D:12 =:(*[   D:13 =   Orc:1 }   Orc:2 (:[*   Depths:1 *

Portals:
Hell: Depths:1

Annotations:
Lair:5 exclusion: 4 oklob plants
Swamp:1 exclusion: Roxanne, Roxanne
Swamp:2 Aizul
Snake:2 Vashnia


Innate Abilities, Weirdness & Mutations

You are resistant to damage.
You can heal yourself by infusing magical energy.
You resist negative energy. (rN+)
You passively map the area around you.
You do not regenerate.
You have a somewhat thin skeletal structure. (Dex +2, Stealth)
Armour fits poorly on your strangely shaped body.
Your body sometimes deteriorates upon taking damage.
You are resistant to hostile enchantments. (MR+)
You evolve.


Message History

You hit the stone giant but do no damage.
The stone giant hits you.
* * * LOW HITPOINT WARNING * * *
Your plate armour prevents you from hitting the stone giant.
The ogre mage hits you but does no damage.
The stone giant hits you but does no damage.
You slice the stone giant!! You freeze the stone giant.
The stone giant is moderately wounded.
The ogre mage hits you but does no damage.
Unknown command.
You slash the stone giant! You freeze the stone giant.
The stone giant is heavily wounded.
You hit the green ugly thing. You freeze the green ugly thing.
The stone giant hits you!!
* * * LOW HITPOINT WARNING * * *
Your body deteriorates!
You feel weakened.
The ogre mage hits you but does no damage.
You are confused.
You feel invigorated. The green ugly thing gores you!
You die...

..# #≈.♣♣♣♣..'[[...#...##....u
### #≈..♣♣..≈#)#####....u###..
###### #≈≈....≈≈### ##..### ##.
.....####≈≈≈≈≈≈##.#####....# #.
........########........#..## ##(
..........## ##.####....#...###(.
...........###..#####...........#
.................##..........(..#
............(((.@Cu......u...#..#
...............)uuu..u......##...
..............O....u.............
#.................>...........###
#...................##'##.....##
###.................#...#u.....##
#................#.∩.#........
................#...#..>..### * ,
.....##'##.....###


You could see a stone giant, 6 ugly things and an ogre mage.

Vanquished Creatures
  Saint Roka (Orc:2)
  3 fire giants (D:15)
  A frost giant (Depths:1)
  Louise (Swamp:1)
  3 stone giants
  Nessos (D:14)
  A minotaur (Lab)
  An ettin (Depths:1)
  A great orb of eyes (Depths:1)
  The ghost of Vesto the Fighter, a journeyman GrFi of Okawaru (Orc:1)
  5 hydras
  Harold (Lair:1)
  A catoblepas (D:13)
  3 naga warriors (Snake:1)
  4 centaur warriors
  An anaconda (Snake:2)
  An alligator (Swamp:1)
  A death knight (D:14)
  11 two-headed ogres
  Urug (Orc:1)
  2 deep troll shamans (Depths:1)
  A tengu warrior (D:15)
  A vampire mage (Depths:1)
  An orc high priest (Orc:2)
  A queen ant (Lair:2)
  2 ogre magi
  5 naga sharpshooters (Snake:2)
  A shock serpent (Snake:1)
  A fire crab (Lair:6)
  2 iron trolls (Depths:1)
  A skeletal warrior (D:14)
  A sea snake (Snake:1)
  2 unseen horrors
  A deep troll (Depths:1)
  Pikel (D:7)
  A necromancer (Lair:3)
  4 ugly things
  6 orc knights
  2 deep elf magi (D:14)
  3 salamanders (Snake:1)
  2 mana vipers (Depths:1)
  2 manticores
  9 elephants
  2 orc sorcerers (Orc:2)
  A cyclops (D:14)
  10 black mambas
  A guardian serpent (Snake:1)
  2 gargoyles
  27 spiny frogs
  A naga mage (Snake:1)
  2 rime drakes
  5 centaur skeletons
  A freezing wraith (D:14)
  A kobold demonologist (D:12)
  12 yaktaurs
  10 komodo dragons
  A redback zombie (D:14)
  3 meliai (D:14)
  7 trolls
  Grinder (D:6)
  A hornet (D:12)
  2 bog bodies (Swamp:1)
  8 slime creatures
  30 blink frogs
  8 tyrant leeches
  5 hippogriffs
  7 dream sheep (Lair:5)
  A shadow (D:12)
  Sigmund (D:6)
  A centaur simulacrum (D:15)
  2 vampires
  2 wraiths (D:14)
  A hungry ghost (D:12)
  38 yaks
  A basilisk (Lair:1)
  A steam dragon (Snake:1)
  8 vampire mosquitoes
  5 swamp worms (Swamp:1)
  5 soldier ants (Lair:2)
  9 water moccasins
  12 nagas
  An acid dragon (D:12)
  2 wargs (Orc:2)
  3 porcupines
  A swamp drake (Swamp:1)
  36 orc warriors
  5 sky beasts
  11 ogres
  4 phantoms
  2 eyes of draining (D:8)
  A necrophage (D:8)
  4 boggarts (Depths:1)
  9 wolves
  11 centaurs
  7 crocodiles
  3 big kobolds
  An elf zombie (Ossuary)
  30 bullfrogs
  A gnoll sergeant (D:12)
  A water moccasin zombie (D:5)
  A wyvern skeleton (D:13)
  9 scorpions
  3 killer bees (D:11)
  7 wights
  A howler monkey (D:14)
  5 centaur zombies
  5 crimson imps
  4 bullfrog zombies
  A human zombie (Ossuary)
  2 jellies
  25 orc priests
  6 hounds
  3 iguanas
  34 orc wizards
  4 bullfrog skeletons
  Crazy Yiuf (D:7)
  4 hell rats
  3 yak simulacra (Lair:3)
  34 worker ants
  A wolf simulacrum (Lair:3)
  A polar bear simulacrum (Lair:3)
  3 ogre zombies (Ossuary)
  A hound skeleton (D:8)
  7 mummies (Ossuary)
  A howler monkey zombie (D:8)
  3 worker ant zombies
  6 gnolls
  21 adders
  A river rat (Lair:5)
  5 shadow imps
  An adder skeleton (D:6)
  5 adder zombies (Ossuary)
  2 worms
  3 dart slugs
  3 leopard geckos
  119 orcs
  11 bats
  4 giant cockroaches (D:2)
  8 goblins
  6 hobgoblins
  29 kobolds
  6 quokkas
  A ball python (D:1)
  7 frilled lizards
  5 goblin zombies (Ossuary)
  3 hobgoblin zombies (Ossuary)
  2 jackal skeletons (D:5)
  5 kobold zombies (Ossuary)
  A quokka skeleton (D:5)
  A quokka zombie (Ossuary)
  6 rats
  4 rat zombies (Ossuary)
  6 river rat simulacra (Lair:3)
  3 fungi
  10 plants
916 creatures vanquished.

Vanquished Creatures (others)
  3 orcs (D:7)
  A ball python (D:7)
  2 bushes (D:14)
  20 fungi
  77 plants
103 creatures vanquished.

Grand Total: 1019 creatures vanquished

Notes
Turn   | Place    | Note
-------+----------+-------------------------------------------
     0 | D:1      | Ghella the Deep Dwarf Berserker began the quest for the Orb.
     0 | D:1      | Reached XP level 1. HP: 20/20 MP: 1/1
   161 | D:1      | Reached XP level 2. HP: 26/28 MP: 2/2
   543 | D:2      | Reached XP level 3. HP: 34/34 MP: 2/2
   793 | D:2      | Reached ** piety under Trog
   855 | D:2      | Reached XP level 4. HP: 30/42 MP: 3/3
  1326 | D:2      | Found a shimmering altar of Xom.
  1368 | D:2      | Found a shattered altar of Ashenzari.
  1712 | D:3      | Reached skill level 1 in Stealth
  1808 | D:3      | Reached XP level 5. HP: 33/50 MP: 4/4
  1850 | D:3      | Found a shadowy altar of Dithmenos.
  2503 | D:3      | Reached skill level 5 in Axes
  2540 | D:3      | Reached *** piety under Trog
  2616 | D:3      | Noticed a centaur
  2622 | D:3      | Killed a centaur
  2622 | D:3      | Reached XP level 6. HP: 32/57 MP: 4/4
  3230 | D:4      | Found a sand-covered staircase.
  3234 | Ossuary  | Entered an ossuary
  3832 | Ossuary  | Reached XP level 7. HP: 47/66 MP: 4/4
  3943 | Ossuary  | Reached skill level 3 in Armour
  4824 | D:4      | Reached skill level 5 in Fighting
  4968 | D:4      | Reached XP level 8. HP: 27/74 MP: 5/5
  5607 | D:5      | Entered Level 5 of the Dungeon
  5624 | D:5      | Reached skill level 4 in Armour
  6122 | D:5      | Reached skill level 5 in Armour
  6218 | D:5      | Found a deep blue altar of Sif Muna.
  6469 | D:5      | Found a stormy altar of Qazlal.
  6847 | D:5      | Reached skill level 6 in Armour
  7025 | D:6      | Noticed Sigmund
  7300 | D:6      | Killed Sigmund
  7300 | D:6      | Gained mutation: You passively map the area around you. [Deep Dwarf growth]
  7300 | D:6      | Reached XP level 9. HP: 74/82 MP: 5/5
  7477 | D:6      | Noticed Grinder
  7490 | D:6      | Killed Grinder
  7614 | D:6      | Reached skill level 7 in Armour
  7946 | D:7      | Noticed Pikel
  7969 | D:7      | Killed Pikel
  7969 | D:7      | Reached skill level 10 in Axes
  7969 | D:7      | Reached skill level 8 in Armour
  7980 | D:7      | Reached **** piety under Trog
  7980 | D:7      | Received a gift from Trog
  8110 | D:7      | Found a runed door.
  8175 | D:7      | Found a staircase to the Ecumenical Temple.
  8186 | Temple   | Entered the Ecumenical Temple
  8849 | D:7      | Noticed Crazy Yiuf
  8853 | D:7      | Killed Crazy Yiuf
  9075 | D:8      | Found a staircase to the Lair.
  9107 | D:8      | Found a bloodstained altar of Trog.
  9114 | D:8      | Reached XP level 10. HP: 69/90 MP: 0/6
  9406 | D:8      | Found an iron altar of Okawaru.
  9451 | D:8      | Found a blossoming altar of Fedhas.
 10386 | D:9      | Reached skill level 9 in Armour
 10675 | D:9      | Noticed a two-headed ogre
 10685 | D:9      | Killed a two-headed ogre
 11040 | D:10     | Entered Level 10 of the Dungeon
 11120 | D:10     | Noticed a two-headed ogre
 11129 | D:10     | Killed a two-headed ogre
 11129 | D:10     | Reached skill level 10 in Armour
 11129 | D:10     | Reached skill level 5 in Dodging
 11640 | D:10     | Reached XP level 11. HP: 61/98 MP: 7/7
 11683 | D:10     | Found a roughly hewn altar of Beogh.
 11698 | D:10     | Reached ***** piety under Trog
 12340 | D:11     | Received a gift from Trog
 12393 | D:11     | Noticed a four-headed hydra
 12446 | D:12     | Found Fikabbas's Weapon Shop.
 12461 | D:12     | Found Abankube's Armour Shoppe.
 12477 | D:12     | Reached skill level 11 in Armour
 12547 | D:12     | Paralysed by fainting for 7 turns
 12970 | Lair:1   | Entered Level 1 of the Lair of Beasts
 12972 | Lair:1   | Noticed Harold
 13740 | Lair:1   | Killed Harold
 14062 | Lair:1   | Reached skill level 12 in Armour
 14369 | Lair:2   | Noticed an eight-headed hydra
 14543 | D:11     | Noticed a brown ugly thing
 14568 | D:11     | Killed a brown ugly thing
 14734 | D:10     | Identified the +1 leather armour "Pybo" {Str+2} (You found it on level 10 of the Dungeon)
 14738 | D:10     | You fall through a shaft for 3 floors!
 14935 | D:12     | Reached XP level 12. HP: 68/112 MP: 8/8
 15010 | D:12     | Found Daraup's General Store.
 15028 | D:12     | Bought a scroll of teleportation for 45 gold pieces
 15028 | D:12     | Bought a wand of acid (7) for 330 gold pieces
 15052 | D:12     | Found Kealem's Book Shop.
 15062 | D:12     | Found Cibly's Jewellery Boutique.
 15384 | D:12     | Found a staircase to the Orcish Mines.
 15638 | D:13     | Found the +0 mask of the Dragon {MR+ Slay+3 SInv}
 15743 | D:13     | Noticed a catoblepas
 15754 | D:13     | Killed a catoblepas
 16026 | D:13     | Found Cutt's Jewellery Boutique.
 16342 | D:14     | Noticed a two-headed ogre
 16366 | D:14     | Killed a two-headed ogre
 16591 | D:14     | Reached skill level 13 in Armour
 16670 | D:14     | Noticed a centaur warrior
 16686 | D:14     | Killed a centaur warrior
 17793 | D:14     | Noticed a death knight
 18374 | D:14     | Killed a death knight
 18374 | D:14     | Received a gift from Trog
 18554 | D:14     | Reached skill level 1 in Shields
 18747 | D:14     | Noticed Nessos
 19110 | D:11     | Reached skill level 10 in Fighting
 20055 | Lair:2   | Killed an eight-headed hydra
 20055 | Lair:2   | Reached XP level 13. HP: 123/123 MP: 9/9
 20736 | Lair:2   | Reached skill level 14 in Armour
 20910 | Lair:3   | Found a staircase to the Swamp.
 22459 | Lair:3   | Reached skill level 15 in Axes
 23457 | Lair:4   | Found a staircase to the Snake Pit.
 23913 | Lair:5   | Found a labyrinth entrance.
 23923 | Lab      | Entered a labyrinth
 24414 | Lab      | Noticed a minotaur
 24427 | Lab      | Killed a minotaur
 24457 | Lab      | Got a translucent golden amulet
 25147 | Lair:5   | Found a staircase to the Slime Pits.
 25147 | Lair:5   | Found a viscous altar of Jiyva.
 25677 | Lair:6   | Entered Level 6 of the Lair of Beasts
 27750 | Lair:5   | Gained mutation: You resist negative energy. (rN+) [Deep Dwarf growth]
 27750 | Lair:5   | Reached XP level 14. HP: 88/135 MP: 8/8
 27753 | Lair:5   | Reached skill level 15 in Armour
 30059 | Lair:5   | Reached skill level 5 in Shields
 31157 | Lair:6   | Reached skill level 1 in Polearms
 31226 | Lair:6   | Identified the amulet "Yphoicw" {Inacc rElec MR+ Str+4} (You found it in a labyrinth)
 34069 | D:14     | Found a gate to the Vaults.
 34127 | D:14     | Killed Nessos
 34470 | D:15     | Entered Level 15 of the Dungeon
 34535 | D:15     | Found a staircase to the Depths.
 34535 | D:15     | Noticed a fire giant
 35125 | D:15     | Killed a fire giant
 35125 | D:15     | Reached skill level 16 in Armour
 35538 | Orc:1    | Entered Level 1 of the Orcish Mines
 35592 | Orc:1    | Found a dark tunnel.
 35602 | Volcano  | Entered a volcano
 35680 | Volcano  | Reached XP level 15. HP: 108/144 MP: 6/6
 37598 | Orc:1    | You fall through a shaft!
 37598 | Orc:2    | Entered Level 2 of the Orcish Mines
 37652 | Orc:2    | Reached skill level 1 in Evocations
 37708 | Orc:1    | Noticed Vesto's ghost (journeyman GrFi)
 37730 | Orc:1    | Killed Vesto's ghost
 38549 | Orc:1    | Found a roughly hewn altar of Beogh.
 38555 | Orc:1    | Found Fozoovul's Gadget Boutique.
 38802 | Orc:1    | Noticed Urug
 38818 | Orc:1    | Killed Urug
 39471 | Orc:2    | Noticed Saint Roka
 40346 | Orc:2    | Found a roughly hewn altar of Beogh.
 40810 | Orc:2    | Killed Saint Roka
 41009 | Orc:2    | Reached skill level 17 in Armour
 41019 | Orc:2    | Found Duiz's Book Shoppe.
 41026 | Orc:2    | Found Meho's General Store.
 41028 | Orc:2    | Found Comea's Antique Armour Shoppe.
 41082 | Orc:2    | Bought a potion of experience for 700 gold pieces
 41082 | Orc:2    | Reached skill level 1 in Spellcasting
 41082 | Orc:2    | Reached XP level 16. HP: 120/152 MP: 3/6
 41162 | Orc:2    | Found a staircase to the Elven Halls.
 41254 | Orc:2    | Found Myqomp's Antique Weapon Shoppe.
 41482 | Depths:1 | Entered Level 1 of the Depths
 41727 | Swamp:1  | Entered Level 1 of the Swamp
 42444 | Swamp:1  | Noticed Roxanne
 42734 | Swamp:1  | Noticed Louise
 42751 | Swamp:1  | Killed Louise
 43553 | Swamp:2  | Noticed Aizul
 45317 | Depths:1 | HP: 2/154 [frost giant/battleaxe of freezing (20)]
 45669 | Depths:1 | Gained mutation: You have a somewhat thin skeletal structure. (Dex +2, Stealth) [potion of mutation]
 45669 | Depths:1 | Gained mutation: You have a pair of small horns on your head. [potion of mutation]
 46497 | Depths:1 | Found Ehiak's Serpentskin Sales.
 46515 | Depths:1 | Reached skill level 18 in Armour
 46527 | Depths:1 | Lost mutation: You have a pair of small horns on your head. [potion of mutation]
 46527 | Depths:1 | Gained mutation: You are resistant to hostile enchantments. (MR+) [potion of mutation]
 46527 | Depths:1 | Gained mutation: Armour fits poorly on your strangely shaped body. [potion of mutation]
 46527 | Depths:1 | Gained mutation: You evolve. [potion of mutation]
 46551 | Depths:1 | Found a gateway to Hell.
 47291 | D:9      | Gained mutation: Your body sometimes deteriorates upon taking damage. [evolution]
 47425 | Snake:1  | Entered Level 1 of the Snake Pit
 49026 | Snake:1  | Reached XP level 17. HP: 89/162 MP: 3/3
 49233 | Snake:1  | Identified the Tome of the Poisonous Snowflakes
 50557 | Snake:2  | Noticed Vashnia
 51556 | Temple   | Fell from the grace of Trog
 51556 | Temple   | Became a worshipper of Makhleb the Destroyer
 51935 | Depths:1 | HP: 3/162 [stone giant (25)]
 51936 | Depths:1 | Slain by a green ugly thing

Vault maps used:
D:1:      enne_arrival_octagon_isle, minmay_misc_feat_doors,
          kennysheep_crisscross, st_stairs_13, minmay_ruptured
D:2:      marbit_many_paths, overflow_temple_1_default
D:3:      grunt_dithmenos_smoke_and_mirrors
D:4:      enter_ossuary_5, minmay_item_behind_shaft
D:5:      led_sif_book, basic_altar, first_ration
D:6:      corexii_shack, uniq_sigmund, uniq_grinder
D:7:      minmay_temple_entry_statues_pillars, uniq_pikel,
          uniq_crazy_yiuf_cottage
D:8:      okawaru_ov_weapons_minmay, trog_eyes_of_draining, dpeg_oklobed_lair,
          basic_altar
D:10:     kennysheep_spiral_hall, special_room
D:12:     hiddenorc1_lemuel, serial_shops, kennysheep_mini_moat, shop,
          nicolae_shop_crystal, shop, nicolae_shop_trees
D:13:     serial_shops, shop
D:14:     hangedman_vaults_entry_quadrant_bands, serial_park_gazebo, uniq_nessos
D:15:     grunt_enter_depths_giant_problem
Temple:   nicolae_temple_elliptical
Lair:1:   uniq_harold
Lair:2:   zaba_antful_of_joy
Lair:3:   swamp_mist_pool, eino_house_with_fridge
Lair:4:   guppyfry_snake_entry_garden, serial_bayou_shore_a
Lair:5:   slime_altar_1, lab_entry_generic, beast_lair_carwin_9,
          minmay_lair_oklob_chamber
Lair:6:   minmay_lair_end_frog_pond
Swamp:1:  evilmike_swamp_ruin_house_3, uniq_roxanne, uniq_louise
Swamp:2:  evilmike_swamp_ruin_house_2, uniq_aizul
Snake:1:  serial_bayou_lagoon_a
Snake:2:  uniq_vashnia, uniq_jorgrun
Orc:1:    nicolae_volcano_entry_lava_flow, serial_shops, nicolae_shop_crystal,
          basic_altar, mines2_lemuel, uniq_urug
Orc:2:    grunt_orc_cross
Depths:1: kennysheep_pointless_box, hell_entry, kennysheep_another_room,
          minmay_misc_feat_ornament, guppyfry_shop_venom
Lab:      labyrinth_watery, nicolae_lab_lava
Ossuary:  ossuary_boxes_badplayer
Volcano:  volcano_caves

Skill      XL: |  1  2  3  4  5  6  7  8  9 10 11 12 13 14 15 16 |
---------------+-------------------------------------------------+-----
Fighting       | 3 4 5 6 7 8 10 11 12 | 12.9
Axes           | 4 5 6 7 9 10 11 13 14 15 16 17 | 17.6
Dodging        | 3 4 5 6 7 |  7.6
Stealth        | 1 2 3 |  3.1
Armour         | 3 6 8 10 12 13 14 16 17 18 | 18.8
Shields        | 1 4 7 |  7.7
Polearms       | 1 2 3 |  3.2
Evocations     | 1 |  1.7
Spellcasting   | 1 |  1.3

Action                   |  1- 3 |  4- 6 |  7- 9 | 10-12 | 13-15 | 16-18 || total
-------------------------+-------+-------+-------+-------+-------+-------++-------
Melee: Hand axe          |   117 |   223 |   480 |   858 |       |       ||  1678
       War axe           |       |       |       |     7 |  1198 |   149 ||  1354
       Trident           |       |       |       |     7 |    40 |       ||    47
       Battleaxe         |       |       |       |       |       |   240 ||   240
       Demon trident     |       |       |       |       |       |    30 ||    30
       Headbutt          |       |       |       |       |       |    16 ||    16
Invok: Berserk           |       |     3 |     4 |    19 |    10 |     9 ||    45
       Trog's Hand       |       |     2 |     6 |    38 |    77 |    40 ||   163
 Abil: Heal Wounds       |     1 |     5 |     6 |    14 |    15 |    31 ||    72
Evoke: Wand              |       |       |       |       |     7 |     5 ||    12
  Use: Scroll            |       |     7 |     6 |    21 |     8 |     6 ||    48
       Potion            |       |       |       |       |     1 |    14 ||    15
 Stab: Sleeping          |     1 |     6 |       |       |       |       ||     7
  Eat: Chunk             |       |     9 |    11 |    26 |    57 |    15 ||   118
       Ration            |       |     1 |     4 |    13 |    14 |    13 ||    45
Armor: Animal skin       |    24 |    24 |       |       |       |       ||    48
       Ring mail         |       |     5 |       |       |       |       ||     5
       Chain mail        |       |    46 |   228 |   400 |   408 |       ||  1082
       Plate armour      |       |       |       |       |    72 |   250 ||   322
Dodge: Dodged            |   103 |   113 |   189 |   315 |   427 |   193 ||  1340
Block: Shield            |       |       |       |    53 |   638 |    84 ||   775

Table legend:
 A = Spawn XP
 B = Non-spawn XP
 C = Spawn XP percentage of total XP
 D = Spawn monster count
 E = Non-spawn monster count
 F = Spawn count percentage of total count
 G = Total turns spent on level
                    A         B        C        D         E        F      G
               +---------+---------+-------+---------+---------+-------+---------
         Total |       0 |  174848 |   0.0 |       0 |     903 |   0.0 | 51936
               +---------+---------+-------+---------+---------+-------+---------
           D:1 |       0 |      36 |   0.0 |       0 |      22 |   0.0 |   516
           D:2 |       0 |     134 |   0.0 |       0 |      29 |   0.0 |  1256
           D:3 |       0 |     253 |   0.0 |       0 |      23 |   0.0 |  1380
           D:4 |       0 |     722 |   0.0 |       0 |      21 |   0.0 |  1476
           D:5 |       0 |     895 |   0.0 |       0 |      23 |   0.0 |  1336
           D:6 |       0 |     943 |   0.0 |       0 |      15 |   0.0 |   724
           D:7 |       0 |    1495 |   0.0 |       0 |      22 |   0.0 |  1031
           D:8 |       0 |    1856 |   0.0 |       0 |      29 |   0.0 |  2607
           D:9 |       0 |    2217 |   0.0 |       0 |      23 |   0.0 |   913
          D:10 |       0 |    3102 |   0.0 |       0 |      47 |   0.0 |  1423
          D:11 |       0 |    4348 |   0.0 |       0 |      31 |   0.0 |  1691
          D:12 |       0 |    5285 |   0.0 |       0 |      54 |   0.0 |  1481
          D:13 |       0 |    3716 |   0.0 |       0 |      11 |   0.0 |  2483
          D:14 |       0 |   18366 |   0.0 |       0 |      58 |   0.0 |  3120
          D:15 |       0 |    7654 |   0.0 |       0 |      11 |   0.0 |  2543
        Lair:1 |       0 |    4429 |   0.0 |       0 |      16 |   0.0 |   843
        Lair:2 |       0 |    5480 |   0.0 |       0 |      43 |   0.0 |  1031
        Lair:3 |       0 |    3779 |   0.0 |       0 |      26 |   0.0 |  1681
        Lair:4 |       0 |    6496 |   0.0 |       0 |      25 |   0.0 |  1445
        Lair:5 |       0 |   13989 |   0.0 |       0 |      54 |   0.0 |  5897
        Lair:6 |       0 |   17120 |   0.0 |       0 |      65 |   0.0 |  2206
       Swamp:1 |       0 |    9122 |   0.0 |       0 |      22 |   0.0 |  2844
       Snake:1 |       0 |   10780 |   0.0 |       0 |      25 |   0.0 |  2112
       Snake:2 |       0 |    6122 |   0.0 |       0 |       9 |   0.0 |  1121
         Orc:1 |       0 |    6481 |   0.0 |       0 |      45 |   0.0 |  1658
         Orc:2 |       0 |   13624 |   0.0 |       0 |      76 |   0.0 |  1719
      Depths:1 |       0 |   20994 |   0.0 |       0 |      36 |   0.0 |  1503
           Lab |       0 |    1192 |   0.0 |       0 |       1 |   0.0 |   592
       Ossuary |       0 |     480 |   0.0 |       0 |      37 |   0.0 |  1148
       Volcano |       0 |    3738 |   0.0 |       0 |       4 |   0.0 |  1981
               +---------+---------+-------+---------+---------+-------+---------
